 Dungeon Crawl Stone Soup version 0.30.0-20-g3615ddf2f0 (webtiles) character file.

Game seed: 10984399904936470196

36 qw the Chopper (level 3, -4/23 HPs)
             Began as a Gargoyle Fighter on May 31, 2023.
             Slain by a gnoll
             ... wielding a +0 flail
              (6 damage)
             ... on level 2 of the Dungeon.
             The game lasted 00:00:31 (829 turns).

qw the Chopper (Gargoyle Fighter)                    Turns: 829, Time: 00:00:31

Health: -4/23      AC: 10    Str: 21    XL:     3   Next: 37%
Magic:  0/3        EV:  9    Int:  8    God:
Gold:   119        SH:  4    Dex:  9    Spells: 2/2 levels left

rFire   . . .        Y - +0 war axe
rCold   . . .        c - +0 buckler
rNeg    + + .        b - +0 scale mail
rPois   inf          (no helmet)
rElec   +            g - scarf {repulsion}
rCorr   .            (no gloves)
SInv    .            (no boots)
Will    .....        l - amulet of guardian spirit Stlth
                     h - ring of positive energy
HPRegen 0.23/turn    (no ring)
MPRegen 0.08/turn

%: repel missiles, guardian spirit
@: no status effects
A: sickness immunity, AC +3, negative energy resistance 1, electricity
resistance, torment resistance 1, petrification resistance
a: no special abilities


You were on level 2 of the Dungeon.
You visited 1 branch of the dungeon, and saw 2 of its levels.

You collected 119 gold pieces.


Innate Abilities, Weirdness & Mutations

You are immune to sickness and miasma.
Your stone body is resilient. (AC +3)
You are immune to poison.
You resist negative energy. (rN+)
You are resistant to electric shocks. (rElec)
You are resistant to unholy torment.
You are immune to petrification.


   Skills:
 - Level 3.2 Fighting
 + Level 3.3 Axes
 - Level 3.2 Armour
 - Level 3.2 Shields


You had 2 spell levels left.
You didn't know any spells.
Your spell library was empty.

Inventory:

Hand Weapons
 f - a +0 club
 Y - a +0 war axe (weapon)
Armour
 b - a +0 scale mail (worn)
 c - a +0 buckler (worn)
 g - a scarf of repulsion (worn)
Jewellery
 h - a ring of positive energy (left hand)
 l - an amulet of guardian spirit (around neck)
Potions
 a - a potion of heal wounds {unknown}
 d - a potion of might
 j - a potion of invisibility {unknown}
 k - a potion of brilliance {unknown}

Dungeon Overview and Level Annotations

Branches:
Dungeon (2/15)

Altars:


Message History

815 ||| Stepping ~*~*~tactically~*~*~ (hiding).
816 ||| Stepping ~*~*~tactically~*~*~ (hiding).
The gnoll shouts!
The gnoll hits you but does no damage.
You closely miss the gnoll. You barely miss the gnoll.
You block the gnoll's attack.
You hit the gnoll.
The gnoll is lightly wounded.
The gnoll completely misses you.
The gnoll hits you from afar with a +0 spear.
The gnoll hits you with a +0 flail.
You barely miss the gnoll.
The gnoll is lightly wounded.
The gnoll barely misses you. The gnoll hits you but does no damage.
You hit the gnoll.
The gnoll is heavily wounded.
A rat comes into view.
The gnoll hits you with a +0 flail.
The gnoll hits you from afar with a +0 spear.
The gnoll hits you but does no damage. The gnoll hits you with a +0 flail.
The rat moves out of view.
You closely miss the gnoll.
The gnoll is heavily wounded.
The gnoll misses you. The gnoll completely misses you.
You closely miss the gnoll.
The gnoll is heavily wounded.
The gnoll hits you with a +0 flail! The gnoll hits you but does no damage.
You barely miss the gnoll.
The gnoll is heavily wounded.
The gnoll barely misses you.
The gnoll hits you but does no damage. x2
The gnoll hits you with a +0 flail.
You slash the gnoll!
You kill the gnoll!
The gnoll barely misses you. The gnoll hits you but does no damage.
You hit the gnoll.
The gnoll is lightly wounded.
The gnoll hits you with a +0 flail.
You die...

#...........#
#...........#
#...........#
#.......)...####
.
#..............#
P.
#########......#
P.. #......#
P... #......#


gPg.P #....)@#..P... #.....gg...P.. #......#....P. ####...###.... ###.# ### ..#
### You could see 2 gnolls.

Vanquished Creatures
  A gnoll (D:2)
  A dart slug (D:1)
  5 bats (D:1)
  An endoplasm (D:1)
  3 goblins (D:1)
  4 hobgoblins
  A kobold (D:2)
  2 ball pythons (D:1)
  4 frilled lizards (D:1)
  3 rats
25 creatures vanquished.

Notes
Turn   | Place    | Note
-------+----------+-------------------------------------------
     0 | D:1      | qw the Gargoyle Fighter began the quest for the Orb.
     0 | D:1      | Reached XP level 1. HP: 14/14 MP: 1/1
     0 | D:1      | 0 ||| qw: Version: 0.2-a-102-gfc559e5
     0 | D:1      | 0 ||| qw: Game counter: 528
     0 | D:1      | 0 ||| qw: Always use a shield: true
     0 | D:1      | 0 ||| qw: God list: Okawaru
     0 | D:1      | 0 ||| qw: Allow faded altars: false
     0 | D:1      | 0 ||| qw: Do Orc after D:15 true
     0 | D:1      | 0 ||| qw: Do second Lair branch before Depths: true
     0 | D:1      | 0 ||| qw: Lair rune preference: random
     0 | D:1      | 0 ||| qw: Plans: Normal, Zot:1-4, Slime:5, God:TSO, Crypt,
                  | Tomb, Pan, Hells, Abyss, Win
     0 | D:1      | 0 ||| PLANNING D:1-11
    90 | D:1      | 90 ||| Stepping ~*~*~tactically~*~*~ (stealth).
    91 | D:1      | 91 ||| Stepping ~*~*~tactically~*~*~ (stealth).
   144 | D:1      | Reached XP level 2. HP: 19/19 MP: 2/2
   517 | D:1      | Reached skill level 3 in Axes
   680 | D:1      | 680 ||| UPGRADING to scarf of repulsion.
   685 | D:1      | 685 ||| UPGRADING to amulet of guardian spirit.
   690 | D:1      | 690 ||| UPGRADING to ring of positive energy.
   691 | D:1      | 691 ||| READING scroll labelled CISMAU IRIA.
   695 | D:1      | 695 ||| READING scroll labelled NUERIE KOCUOT.
   755 | D:2      | Reached XP level 3. HP: 23/23 MP: 3/3
   812 | D:2      | 812 ||| Stepping ~*~*~tactically~*~*~ (hiding).
   814 | D:2      | 814 ||| Stepping ~*~*~tactically~*~*~ (hiding).
   815 | D:2      | 815 ||| Stepping ~*~*~tactically~*~*~ (hiding).
   816 | D:2      | 816 ||| Stepping ~*~*~tactically~*~*~ (hiding).
   825 | D:2      | HP: 4/23 [gnoll/+0 flail (6)]
   826 | D:2      | HP: 1/23 [gnoll/+0 flail (3)]
   829 | D:2      | Slain by a gnoll

Levels and vault maps discovered:
D:1:      nzn_arrival_depleted_hourglass, layout_loops_ring,
          minmay_split_cup_small
D:2:      layout_basic, nicolae_grassy_gnolls

Skill      XL: |  1  2 |
---------------+-------+-----
Axes           | 2 3 |  3.3
Fighting       | |  3.2
Armour         | |  3.2
Shields        | |  3.2

Action                     || total
---------------------------++-------
  Melee: War axe           ||    87
    Use: Scroll            ||     2
 Armour: Scale mail        ||    50
  Dodge: Dodged            ||    49
  Block: Buckler           ||    19

Table legend:
 A = Non-vault XP
 B = Vault XP
 C = Vault XP percentage of total XP
 D = Non-vault monster count
 E = Vault monster count
 F = Vault count percentage of total count
                 A         B        C        D         E       F
            +---------+---------+-------+---------+---------+-------
      Total |      33 |      19 |  36.5 |      21 |       4 |  16.0
            +---------+---------+-------+---------+---------+-------
        D:1 |      28 |       4 |  12.5 |      18 |       3 |  14.3
        D:2 |       5 |      15 |  75.0 |       3 |       1 |  25.0
            +---------+---------+-------+---------+---------+-------
